 Dungeon Crawl Stone Soup version 0.27-a0-819-g058290f16d (webtiles) character file.

Game seed: 4519534454698655899

7147 dickylongcocking the Martial Artist (level 11, -5/82 HPs)
             Began as a Djinni Transmuter on Mar 30, 2021.
             Was a Priest of Makhleb.
             Slain by a two-headed ogre
             ... wielding a +0 giant club
              (13 damage)
             ... on level 9 of the Dungeon.
             The game lasted 00:16:16 (14999 turns).

dickylongcocking the Martial Artist (DjTm)         Turns: 14999, Time: 00:16:17

Health: -5/82      AC: 14    Str: 11    XL:     11   Next: 10%
Gold:   416        EV: 11    Int: 17    God:    Makhleb [***...] SH:  0 Dex: 13

rFire    + + .     SeeInvis .   x - staff of poison
rCold    x . .     Faith    .   (no shield)
rNeg     . . .     Spirit   .   y - +2 swamp dragon scales
rPois    ∞         Reflect  .   o - +0 helmet
rElec    .         Harm     .   (no cloak)
rCorr    .         Rampage  .   s - +2 pair of gloves {Stlth+}
Will     +....                  (boots unavailable)
Stlth    ++........             (no amulet)
HPRegen  0.23/turn              (no ring)
MPRegen  0.00/turn              (no ring)

@: flying, very slightly contaminated
A: fire resistance 2, cold vulnerability 1, float, innate caster, hp casting,
extra vitality 1
a: Renounce Religion, Minor Destruction, Lesser Servant of Makhleb


You were on level 9 of the Dungeon.
You worshipped Makhleb.
Makhleb was most pleased with you.
You visited 2 branches of the dungeon, and saw 10 of its levels.

You collected 631 gold pieces.
You spent 215 gold pieces at shops.

Inventory:

Hand Weapons
 q - the +8 dagger "Ilydami" {venom, rF+ rN+}
   (You found it on level 4 of the Dungeon)

   It poisons the flesh of those it strikes.
   It protects you from fire.
   It protects you from negative energy.
Armour
 a - a +0 robe
 h - a +4 scale mail
 m - a +0 leather armour
 o - a +0 helmet (worn)
 s - a +2 pair of gloves of stealth (worn)
 y - +2 swamp dragon scales (worn)
Magical Staves
 e - a staff of air
 x - a staff of poison (weapon)
Jewellery
 b - a ring of fire
 C - an amulet of regeneration
Wands
 u - a wand of paralysis (9)
 w - a wand of polymorph (6)
 F - a wand of flame (21)
Scrolls
 f - 5 scrolls of teleportation
 g - 3 scrolls of vulnerability
 j - a scroll of brand weapon
 k - 2 scrolls of fog
 l - a scroll of blinking
 n - 2 scrolls of amnesia
 v - a scroll of holy word {unknown}
 D - a scroll of identify
 E - a scroll of magic mapping {unknown}
 G - 2 scrolls of enchant weapon {unknown}
Potions
 c - a potion of curing
 d - a potion of invisibility {unknown}
 i - a potion of magic
 p - a potion of mutation {unknown}
 r - 2 potions of might
 t - 2 potions of cancellation {unknown}
 z - a potion of haste {unknown}
 B - a potion of degeneration {unknown}
Miscellaneous
 A - a phial of floods (inert)


   Skills:
 + Level 8.8 Fighting
 * Level 3.4 Armour
 - Level 2.3 Dodging
 + Level 9.5 Unarmed Combat
 * Level 9.1 Spellcasting


You couldn't memorise any spells.
You knew the following spells:

 Your Spells              Type           Power      Damage    Failure   Level
a - Beastly Appendage     Tmut           76%        N/A       1%          1
b - Wereblood             Tmut           38%        N/A       1%          2
c - Spider Form           Tmut/Pois      27%        N/A       1%          3
d - Ice Form              Ice/Tmut       38%        N/A       4%          4
e - Blade Hands           Tmut           19%        N/A       14%         5
f - Shock                 Conj/Air       100%       1d9       1%          1
g - Corpse Rot            Necr/Air       N/A        N/A       1%          2
h - Lesser Beckoning      Tloc           19%        N/A       1%          3
i - Confusing Touch       Hex            38%        N/A       1%          3
j - Lightning Bolt        Conj/Air       19%        1d33      14%         5
Your spell library was empty.

Dungeon Overview and Level Annotations

Branches:
Dungeon (9/15)             Temple (1/1) D:5            Lair (0/6) D:9
    Orc: D:9-12

Altars:
Ashenzari
Cheibriados
Dithmenos
Elyvilon
Fedhas
Gozag
Hepliaklqana
Kikubaaqudgha
Makhleb
Nemelex Xobeh
Okawaru
Qazlal
Ru
Sif Muna
Trog
Uskayaw
Vehumet
Wu Jian
Xom
Yredelemnul
Zin
The Shining One

Shops:
D:1 [   D:3 [   D:9 [

Annotations:
D:6 2 runed translucent doors
D:7 2 runed translucent doors, exclusion: orange crystal statue
D:9 2 runed translucent doors, quoriil's ghost, novice DjIE


Innate Abilities, Weirdness & Mutations

You are immune to poison.
Your flesh is very heat resistant. (rF++)
You are vulnerable to cold. (rC-)
You float through the air rather than walking.
You learn spells naturally, not from books.
Your magical power is your life essence.
You have superior vitality. (+4 HP)


Message History

Aim: a two-headed ogre, wielding two +0 giant clubs (19% to evade)
You hear a mighty clap of thunder!
The bolt of lightning hits the two-headed ogre!!
The two-headed ogre is moderately wounded.
Unknown command.
Unknown command.
Casting: Lightning Bolt (dangerous; 14% risk of failure)
Confirm with . or Enter, or press ? or * to list all spells.
Aiming: Lightning Bolt (dangerous; 14% risk of failure)
Press: ? - help, Shift-Dir - straight line, f/p - two-headed ogre
Aim: a two-headed ogre, wielding two +0 giant clubs (moderately wounded, 19% to evade)
You hear a mighty clap of thunder!
The bolt of lightning hits the two-headed ogre!!
The two-headed ogre is severely wounded.
The two-headed ogre closely misses you. x2
Unknown command.
Casting: Lightning Bolt (dangerous; 14% risk of failure)
Confirm with . or Enter, or press ? or * to list all spells.
Aiming: Lightning Bolt (dangerous; 14% risk of failure)
Press: ? - help, Shift-Dir - straight line, f/p - two-headed ogre
Aim: a two-headed ogre, wielding two +0 giant clubs (severely wounded, 19% to evade)
You miscast Lightning Bolt.
You are very lightly contaminated with residual magic.
There is a short, sharp shower of sparks!
The two-headed ogre hits you with a +0 giant club!
The two-headed ogre barely misses you.
Unknown command.
Unknown command.
Casting: Lightning Bolt (dangerous; 14% risk of failure)
Confirm with . or Enter, or press ? or * to list all spells.
Aiming: Lightning Bolt (dangerous; 14% risk of failure)
Press: ? - help, Shift-Dir - straight line, f/p - two-headed ogre
Aim: a two-headed ogre, wielding two +0 giant clubs (severely wounded, 19% to evade)
You hear a mighty clap of thunder!
The bolt of lightning hits the two-headed ogre but does no damage.
The two-headed ogre is severely wounded.
The two-headed ogre hits you with a +0 giant club!!
* * * LOW HITPOINT WARNING * * *
The two-headed ogre hits you with a +0 giant club!
You die...

#5# ##..#### #........
#3#####....### ####))..
##..K...###...##### #...)###
.######...###.....## #.####
...........######..#######.#
#########...### ##..##.....######
# #.#...## ##.............. ##
#.#....#####...#######... .#
##.#(##..@O......# #...## .###
###......######.##.####.###
...###....P..........##.##...##
........P........######.......###
##.....P.P.......## ####......#
##....P...........# ###++###
#...PP.P.####..P..# #...≈..≈
#.#...P..#)>#.....### #..8.#..#
..>..P..)'..#........ #.#.≈$.≈#


You could see a two-headed ogre.

Vanquished Creatures
  A two-headed ogre (D:8)
  2 kobold demonologists (D:9)
  Maggie (D:6)
  A hornet (D:8)
  A shadow (D:6)
  A wraith (D:6)
  3 yaks (D:9)
  A steam dragon (D:8)
  3 water moccasins
  Duvessa (D:4)
  An orc warrior (D:9)
  A hornet zombie (D:7)
  2 sky beasts (D:6)
  An ice beast (D:7)
  3 ogres
  3 black bears
  2 necrophages
  A centaur (D:6)
  6 kobold brigands
  2 gnoll sergeants
  2 wyvern zombies
  7 bullfrogs
  Dowan (D:4)
  3 scorpions
  10 killer bees
  2 centaur zombies
  A bullfrog zombie (D:6)
  2 bullfrog skeletons
  3 jellies
  An orc priest (D:6)
  A gnoll shaman (D:6)
  9 hounds
  2 centaur skeletons (D:6)
  Jessica (D:2)
  2 iguanas
  7 orc wizards
  2 hound zombies (D:5)
  12 gnolls
  10 adders
  2 shadow imps (D:6)
  2 white imps
  2 ufetubi
  2 adder skeletons (D:4)
  3 worms
  3 dart slugs
  21 orcs
  6 ball pythons
  7 endoplasms
  2 giant cockroaches (D:1)
  8 goblins
  10 hobgoblins
  16 jackals
  26 kobolds
  A quokka (D:4)
  7 bats
  2 frilled lizards (D:1)
  5 rats
240 creatures vanquished.

Vanquished Creatures (others)
  9 fungi (D:9)
  62 plants
71 creatures vanquished.

Grand Total: 311 creatures vanquished

Notes
Turn   | Place    | Note
-------+----------+-------------------------------------------
     0 | D:1      | dickylongcocking the Djinni Transmuter began the quest for
                  | the Orb.
     0 | D:1      | Reached XP level 1. HP: 17/17 MP: 0/0
   133 | D:1      | Reached XP level 2. HP: 13/22 MP: 0/0
   667 | D:1      | Reached XP level 3. HP: 24/27 MP: 0/0
   667 | D:1      | Learned a level 1 spell: Shock
  1292 | D:1      | Found Sias Ybah's Armour Shoppe.
  1705 | D:2      | Noticed Jessica
  1720 | D:2      | Killed Jessica
  1721 | D:2      | Reached XP level 4. HP: 6/34 MP: 0/0
  3208 | D:3      | Found Kejoucs's Armour Emporium.
  3235 | D:3      | Reached XP level 5. HP: 39/40 MP: 0/0
  3235 | D:3      | Learned a level 2 spell: Corpse Rot
  3717 | D:3      | Reached XP level 6. HP: 42/46 MP: 0/0
  4334 | D:4      | Identified the +4 flail "Pish" {pain, Fragile rPois rC+++
                  | Stlth-}
  4725 | D:4      | Reached skill level 5 in Unarmed Combat
  4972 | D:4      | Identified the +8 dagger "Ilydami" {venom, rF+ rN+}
  4988 | D:4      | Noticed Duvessa
  4988 | D:4      | Noticed Dowan
  5001 | D:4      | Killed Dowan
  5009 | D:4      | Killed Duvessa
  5010 | D:4      | Reached XP level 7. HP: 24/53 MP: 0/0
  5010 | D:4      | Learned a level 3 spell: Lesser Beckoning
  6062 | D:4      | Identified the +7 morningstar of Vanity {flame, rElec rPois
                  | rN+ Stlth+}
  6163 | D:5      | Entered Level 5 of the Dungeon
  6540 | D:5      | Reached skill level 5 in Fighting
  6540 | D:5      | Reached XP level 8. HP: 44/59 MP: 0/0
  6673 | D:5      | Found a staircase to the Ecumenical Temple.
  6688 | Temple   | Entered the Ecumenical Temple
  6780 | Temple   | Became a worshipper of Makhleb the Destroyer
  7420 | D:3      | Bought a +2 pair of gloves of stealth for 215 gold pieces
  7680 | D:6      | Found a glowing golden altar of the Shining One.
  7903 | D:6      | Found a hazy altar of Hepliaklqana.
  8124 | D:6      | Reached * piety under Makhleb
  8194 | D:6      | Reached skill level 5 in Spellcasting
  8254 | D:6      | Paralysed by a hobgoblin for 4 turns
  8858 | D:6      | Found a large runed translucent door.
  8858 | D:6      | Found a large runed translucent door.
  8862 | D:6      | Noticed a shadow
  8876 | D:6      | Noticed Maggie
  8905 | D:6      | Killed Maggie
  8906 | D:6      | Reached XP level 9. HP: 52/67 MP: 0/0
  8906 | D:6      | Learned a level 3 spell: Confusing Touch
  9009 | D:6      | Found a large runed translucent door.
  9009 | D:6      | Found a large runed translucent door.
  9022 | D:6      | Found a shadowy altar of Dithmenos.
  9059 | D:6      | Found an ornate altar of the Wu Jian Council.
  9099 | D:6      | Reached skill level 1 in Armour
 10031 | D:6      | Reached ** piety under Makhleb
 10588 | D:6      | Found a glowing silver altar of Zin.
 10588 | D:6      | Found a blossoming altar of Fedhas.
 10589 | D:6      | Found an iron altar of Okawaru.
 10591 | D:6      | Found a snail-covered altar of Cheibriados.
 10756 | D:6      | Reached XP level 10. HP: 75/75 MP: 0/0
 11035 | D:7      | Found a runed translucent door.
 11049 | D:7      | Found the +10 tower shield of Ignorance {rN+ Int-4}
 11177 | D:7      | Found a runed translucent door.
 11183 | D:7      | Noticed an orange crystal statue
 12823 | D:8      | Noticed a two-headed ogre
 13167 | D:8      | Killed a two-headed ogre
 14123 | D:9      | Noticed a kobold demonologist
 14130 | D:9      | Noticed a sixfirhy
 14135 | D:9      | Found Immurow's Armour Boutique.
 14508 | D:9      | Noticed a kobold demonologist
 14517 | D:9      | Killed a kobold demonologist
 14558 | D:9      | Killed a kobold demonologist
 14559 | D:9      | Reached XP level 11. HP: 68/82 MP: 0/0
 14559 | D:9      | Learned a level 5 spell: Lightning Bolt
 14626 | D:9      | Found a staircase to the Lair.
 14705 | D:9      | Found a large runed translucent door.
 14705 | D:9      | Found a large runed translucent door.
 14708 | D:9      | Noticed quoriil's ghost (novice DjIE)
 14749 | D:9      | Reached *** piety under Makhleb
 14983 | D:9      | Noticed a two-headed ogre
 14999 | D:9      | Slain by a two-headed ogre

Illustrated notes

Levels and vault maps discovered:
D:1:      shiori_shiawase, layout_loops_ring, serial_shops,
          nicolae_shop_behind_doors, corexii_corridor_pit,
          chequers_hall_statues_y
D:2:      layout_loops_ring, kennysheep_another_room, uniq_jessica
D:3:      layout_basic, serial_shops, shop
D:4:      layout_loops_ring, minmay_bent, uniq_duvessa
D:5:      layout_basic, minmay_temple_entry_overgrown
D:6:      kennysheep_housing_project, layout_layer_cave,
          lemuel_coloured_pillars_altar, minitemple, tso_oasis_becter,
          old_standard_altar, grunt_temple_overflow_open,
          minmay_hollow_rounded_squares, uniq_maggie
D:7:      layout_basic, grunt_decor_cap, chequers_guarded_unrand_ignorance
D:8:      layout_cave_pools
D:9:      layout_rooms, grunt_lair_entry_orc_guard_hut, serial_shops, shop,
          ebering_ghost_disaster_area
Temple:   nicolae_temple_hex_pool

Skill      XL: |  1  2  3  4  5  6  7  8  9 10 11 |
---------------+----------------------------------+-----
Spellcasting   | 2 3 4 5 7 8 9 |  9.1
Fighting       | 2 3 4 5 6 7 8 |  8.8
Unarmed Combat | 4 5 6 7 8 9 |  9.5
Armour         | 3 |  3.4
Dodging        | |  2.3

Action                   |  1- 3 |  4- 6 |  7- 9 | 10-12 || total
-------------------------+-------+-------+-------+-------++-------
Melee: Unarmed           |   125 |    33 |   105 |   112 ||   375
       Headbutt          |    12 |       |       |       ||    12
       Punch             |     2 |       |       |     5 ||     7
       Staff             |       |     5 |     7 |     3 ||    15
 Cast: Beastly Appendage |     9 |     3 |     7 |     1 ||    20
       Spider Form       |     1 |     4 |     4 |       ||     9
       Shock             |       |   161 |   208 |    14 ||   383
       Blade Hands       |       |       |     6 |    22 ||    28
       Ice Form          |       |       |     1 |     2 ||     3
       Lightning Bolt    |       |       |       |    18 ||    18
Evoke: Wand              |       |       |     1 |       ||     1
       Phial of floods   |       |       |       |     1 ||     1
  Use: Potion            |     1 |     4 |     1 |     1 ||     7
       Scroll            |       |       |       |    13 ||    13
 Stab: Sleeping          |     1 |       |       |       ||     1
       Distracted        |       |       |     1 |       ||     1
Armor: Robe              |    28 |    12 |       |       ||    40
       Skin              |       |    29 |     7 |       ||    36
       Leather armour    |       |    13 |    39 |    13 ||    65
       Swamp dragon scal |       |       |       |    46 ||    46
Dodge: Dodged            |   100 |    80 |   167 |    69 ||   416

Table legend: (Time is in decaauts)
 A = Elapsed time spent in this place.
 B = Non-inter-level travel time spent in this place.
 C = Inter-level travel time spent in this place.
 D = Time resting spent in this place.
 E = Time spent auto-exploring this place.
 F = Levels seen in this place.
 G = Mean time per level.
                   A        B        C        D        E       F      G
               +--------+--------+--------+--------+--------+-----+--------+
         Total |  14972 |  14568 |    404 |   3482 |   9230 |  10 | 1497.2 |
       Dungeon |  14876 |  14474 |    402 |   3482 |   9157 |   9 | 1652.9 |
        Temple |     95 |     93 |      2 |      0 |     73 |   1 |   95.0 |
               +--------+--------+--------+--------+--------+-----+--------+

Top non-repeatable levels by time:
     D:6: 2827 daAuts
     D:7: 2141 daAuts
     D:4: 1897 daAuts
     D:5: 1717 daAuts
     D:2: 1611 daAuts
     D:1: 1378 daAuts
     D:3: 1343 daAuts
     D:9: 1137 daAuts
     D:8: 821 daAuts
  Temple: 95 daAuts
